 Dungeon Crawl Stone Soup version 0.30.0-30-g96aa6591b8 (webtiles) character file.

Game seed: 6593276647923811116

123 booth the Conjurer (level 4, -2/29 (34) HPs)
             Began as a Demonspawn Reaver on June 28, 2023.
             Succumbed to a goblin's poison
             ... on level 3 of the Dungeon.
             The game lasted 00:16:10 (2986 turns).

booth the Conjurer (Demonspawn Reaver)              Turns: 2986, Time: 00:16:11

HP:   -2/29 (34)    AC:  5    Str: 15    XL:     4   Next: 79%
MP:   6/7           EV: 12    Int: 14    God:
Gold: 161           SH:  0    Dex: 11    Spells: 5/8 levels left

rFire   . . .        a - +0 hand axe
rCold   . . .        (no shield)
rNeg    . . .        b - +0 leather armour
rPois   .            (no helmet)
rElec   .            (no cloak)
rCorr   .            (no gloves)
SInv    .            (no boots)
Will    .....        (no amulet)
Stlth   +            (no ring)
HPRegen 0.24/turn    (no ring)
MPRegen 0.10/turn

%: no passive effects
@: mighty, lethally poisoned (-2 -> -15), heavily drained
A: yellow scales 1, foul stench 2
a: no special abilities


You were on level 3 of the Dungeon.
You visited 1 branch of the dungeon, and saw 3 of its levels.

You collected 161 gold pieces.

Inventory:

Hand Weapons
 a - a +0 hand axe (weapon)
Missiles
 d - 8 boomerangs (quivered)
Armour
 b - a +0 leather armour (worn)
 f - a scarf of invisibility
Scrolls
 g - a scroll of poison


   Skills:
 + Level 2.8 Fighting
 + Level 3.2 Axes
 + Level 2.4 Dodging
 + Level 2.6 Spellcasting
 + Level 3.5 Conjurations
 + Level 1.0 Summonings


You had 5 spell levels left.
You knew the following spells:

 Your Spells              Type           Power      Damage    Failure   Level
a - Kiss of Death         Conj/Necr      24%        2d7       14%         1
b - Momentum Strike       Conj/Tloc      12%        3d8       21%         2

Your spell library contained the following spells:

 Spells                   Type           Power      Damage    Failure   Level
 Hailstorm                Conj/Ice       6%         3d4       38%         3
 Stone Arrow              Conj/Erth      12%        3d7       38%         3
 Summon Forest            Summ/Tloc      1%         N/A       99%         5
 Summon Mana Viper        Hex/Summ       3%         N/A       99%         5
 Summon Hydra             Summ           2%         N/A       100%        7
 Summon Horrible Things   Summ           2%         N/A       100%        8


Dungeon Overview and Level Annotations

Branches:
Dungeon (3/15)

Altars:
Ashenzari
Trog
Uskayaw


Innate Abilities, Weirdness & Mutations

You are partially covered in yellow scales. (AC +2)
You sometimes emit foul miasma when damaged in melee.


Message History

The goblin hits you with a +1 dagger of venom.
You are poisoned.
You closely miss the goblin.
The goblin is moderately wounded.
You feel very sick.
The goblin hits you with a +1 dagger of venom.
You are more poisoned.
You closely miss the goblin.
The goblin is moderately wounded.
You feel very sick. The goblin hits you but does no damage.
You are more poisoned.
You barely miss the goblin.
The goblin is moderately wounded.
You feel very sick.
The goblin hits you with a +1 dagger of venom.
You are lethally poisoned!
You barely miss the goblin.
The goblin is moderately wounded.
* * * LOW HITPOINT WARNING * * *
You feel extremely sick. The goblin misses you.
Okay, then.
Casting: Kiss of Death (safe; 14% risk of failure)
Confirm with . or Enter, or press ? or * to list all spells.
Aiming: Kiss of Death (safe; 14% risk of failure)
Press: ? - help, Shift-Dir - straight line, f - goblin
Aim: a goblin, wielding a +1 dagger of venom (moderately wounded, 100% to hit)
The negative energy hits the goblin!
The goblin is drained!
You kill the goblin!
You feel drained.
* * * LOW HITPOINT WARNING * * *
You feel very sick.
You feel very mighty all of a sudden.
* * * LOW HITPOINT WARNING * * *
You feel very sick.
Okay, then.
Sorry, you're not good enough to have a special ability.
Unknown command.
You die...

# #. ##.# #.##. .#. #.# #.##. ###
..###.# #.##.#### #.. >.##.#
#.##..... #.# #..# # #....#
#.##..### #.# #..# #.##..###
♣'♣♣♣'♣
#.#####..####.##..######♣.....♣
.#.).......##..)...##...♣.###.♣
#.##.##..#.#....@.....##♣.....♣##
####.##......###...##...'.._..'..
# #.##......##.....#.##♣.....♣#.
# #........^.......#.##♣.###.♣#.
# #####..>..#..........♣.....♣#.
# #...........##.##♣+♣♣♣+♣..
#.###.####..##.# .###.##.
#..............# ........
##########..#### #######.


There were no monsters in sight!

Vanquished Creatures
  A hound (D:2)
  2 adders
  An ufetubus (D:3)
  A worm (D:3)
  3 dart slugs (D:1)
  3 ball pythons
  5 endoplasms
  A giant cockroach (D:3)
  7 goblins
  4 hobgoblins
  13 jackals
  2 quokkas (D:2)
  6 bats
  4 frilled lizards
  4 rats
57 creatures vanquished.

Notes
Turn   | Place    | Note
-------+----------+-------------------------------------------
     0 | D:1      | booth the Demonspawn Reaver began the quest for the Orb.
     0 | D:1      | Reached XP level 1. HP: 16/16 MP: 3/3
   245 | D:1      | Gained mutation: You may rarely emit foul miasma when
                  | damaged in melee. [demonic ancestry]
   245 | D:1      | Reached XP level 2. HP: 21/22 MP: 5/5
   248 | D:1      | Learned a level 2 spell: Momentum Strike
  1158 | D:1      | Identified a scroll of acquirement
  1158 | D:1      | Acquired the Secrets of Adjuration and Mud
  1237 | D:2      | Gained mutation: You sometimes emit foul miasma when
                  | damaged in melee. [demonic ancestry]
  1237 | D:2      | Reached XP level 3. HP: 28/28 MP: 6/6
  1952 | D:2      | Gained mutation: You are partially covered in yellow
                  | scales. (AC +2) [demonic ancestry]
  1952 | D:2      | Reached XP level 4. HP: 28/34 MP: 7/7
  2251 | D:3      | Reached skill level 1 in Summonings
  2289 | D:3      | Found a broken altar of Ashenzari.
  2291 | D:3      | Found a hide-covered altar of Uskayaw.
  2382 | D:3      | Found a bloodstained altar of Trog.
  2985 | D:3      | HP: 1/29 [poisoned by a goblin]
  2986 | D:3      | Succumbed to a goblin's poison

Illustrated notes

Levels and vault maps discovered:
D:1:      minmay_arrival_radiant_lines, layout_basic
D:2:      layout_basic, serial_forest, infiniplex_forest_end_2,
          infiniplex_forest_end_2, infiniplex_forest_clump_long,
          infiniplex_forest_straight_2, infiniplex_forest_straight_1,
          infiniplex_forest_straight_4, infiniplex_forest_clump_diagonal,
          infiniplex_forest_lined_3_way, nicolae_kite_square_tiling_tiny,
          minmay_tree_intersection
D:3:      layout_loops_ring, mainiacjoe_overflow_six_doors_small,
          jmf_multi_god_temple, grunt_decor_one_mirror

Skill      XL: |  1  2  3  4 |
---------------+-------------+-----
Dodging        | 2 |  2.4
Axes           | 3 |  3.2
Summonings     | 1 |  1.0
Fighting       | |  2.8
Spellcasting   | |  2.6
Conjurations   | |  3.5

Action                     |  1- 3 |  4- 6 || total
---------------------------+-------+-------++-------
  Melee: Hand axe          |   139 |    62 ||   201
         Punch             |     3 |       ||     3
  Throw: Boomerang         |     5 |       ||     5
   Cast: Kiss of Death     |       |     1 ||     1
    Use: Scroll            |     4 |     2 ||     6
         Potion            |       |     3 ||     3
 Armour: Leather armour    |    34 |    20 ||    54
  Dodge: Dodged            |   104 |    37 ||   141
